 Dungeon Crawl Stone Soup version 0.26.1-11-gd32895ea62 (webtiles) character file.

Game seed: 6548443709975591924

256251 nightchill the End of an Era (level 19, -1/197 HPs)
             Began as a Troll Fighter on Apr 13, 2021.
             Was the Champion of Qazlal.
             Slain by an Executioner (9 damage)
             ... on level 3 of the Vaults on Apr 14, 2021.
             The game lasted 01:34:22 (38187 turns).

nightchill the End of an Era (Troll Fighter)       Turns: 38187, Time: 01:34:22

Health: -1/197     AC: 33    Str: 35    XL:     19   Next: 45%
Magic:  10/10      EV:  6    Int:  4    God:    Qazlal [******]
Gold:   822        SH: 27    Dex:  9    Spells: 18/18 levels left

rFire    + + .     SeeInvis .   b - +6 morningstar of Cacyuq {antimagic, rPois rF+}
rCold    + . .     Faith    +   J - +0 tower shield {AC+3}
rNeg     . . .     Spirit   .   C - +6 storm dragon scales
rPois    +         Reflect  .   (helmet restricted)
rElec    +         Harm     .   P - +0 cloak
rCorr    .         Rampage  .   (gloves unavailable)
Will     +....     Rnd*Tele +   (boots unavailable)
Stlth    ..........             p - amulet of faith
HPRegen  0.82/turn              u - ring of protection from fire
MPRegen  0.12/turn              V - ring of protection from cold (curse)

@: protected from physical damage, slowed, lost intelligence, repel missiles,
very slow
A: large, unfitting armour, claws 3, mutation resistance 1, poison resistance,
regeneration 1, shaggy fur 1, teleportitis 1, tough skin 3
}: 1/15 runes: serpentine
a: Renounce Religion, Upheaval, Elemental Force, Disaster Area


You were on level 3 of the Vaults.
You worshipped Qazlal.
Qazlal was exalted by your worship.
You visited 7 branches of the dungeon, and saw 35 of its levels.
You visited the Abyss 1 time.

You collected 3707 gold pieces.
You spent 2885 gold pieces at shops.

Inventory:

Hand Weapons
 a - the +7 sceptre of Torment {pain, torment}
   (You found it on level 4 of the Dungeon)

   In the hands of one skilled in necromantic magic, it inflicts extra damage on
   living creatures.
 b - the +6 morningstar of Cacyuq (weapon) {antimagic, rPois rF+}
   (You found it on level 3 of the Shoals)

   It reduces the magical energy of the wielder, and disrupts the spells and
   magical abilities of those hit.
   Natural abilities and divine invocations are not affected.
   It protects you from fire.
   It protects you from poison.
Missiles
 m - 85 large rocks
 H - 4 throwing nets
 R - 18 curare-tipped darts (quivered)
Armour
 C - +6 storm dragon scales (worn)
 J - a +0 tower shield of protection (worn)
 P - a +0 cloak (worn)
 Z - a +0 kite shield of reflection
Jewellery
 n - an uncursed ring of see invisible
 p - an amulet of faith (around neck)
 u - a ring of protection from fire (left claw)
 v - the ring of Hiaralav {EV+4 Dex+3}
   (You took it off a wight on level 8 of the Dungeon)

   [ring of evasion]

   It affects your evasion (+4).
   It affects your dexterity (+3).
 G - an uncursed ring of resist corrosion
 V - a cursed ring of protection from cold (right claw)
 W - an uncursed ring of flight
Wands
 d - a wand of digging (17)
 K - a wand of polymorph (10)
 L - a wand of acid (23)
 T - a wand of iceblast (18)
 U - a wand of enslavement (27)
Scrolls
 g - 3 scrolls of silence
 h - 13 scrolls of remove curse
 i - 4 scrolls of identify
 o - a scroll of fear
 s - 2 scrolls of enchant armour
 t - 3 scrolls of fog
 B - 10 scrolls of teleportation
 D - 4 scrolls of summoning
 E - 4 scrolls of magic mapping
 M - 4 scrolls of immolation
 O - 3 scrolls of enchant weapon
 X - a scroll of blinking
 Y - a scroll of vulnerability
Potions
 c - 3 potions of might
 e - 8 potions of curing
 f - 4 potions of heal wounds
 j - 2 potions of magic
 k - 6 potions of lignification
 l - a potion of invisibility
 q - 5 potions of flight
 r - 3 potions of brilliance
 z - 4 potions of mutation
 A - 5 potions of degeneration
 F - 2 potions of berserk rage
 N - 2 potions of cancellation
 Q - 4 potions of haste
 S - 3 potions of attraction
Miscellaneous
 x - a box of beasts
 y - a condenser vane
 I - a lightning rod (4/4)


   Skills:
 + Level 14.2 Fighting
 - Level 16.0 Maces & Flails
 * Level 12.5 Armour
 - Level 2.4 Dodging
 + Level 9.2 Shields
 - Level 6.5 Unarmed Combat
 * Level 16.8 Invocations


You had 18 spell levels left.
You didn't know any spells.
Your spell library contained the following spells:

 Spells                   Type           Power        Failure   Level
 Apportation              Tloc           0%           99%         1
 Beastly Appendage        Tmut           0%           99%         1
 Magic Dart               Conj           0%           99%         1
 Sandblast                Erth           0%           99%         1
 Shock                    Conj/Air       0%           99%         1
 Sting                    Tmut/Pois      0%           99%         1
 Passwall                 Tmut/Erth      0%           100%        2
 Poisonous Vapours        Pois/Air       0%           100%        2
 Searing Ray              Conj           0%           100%        2
 Swiftness                Air            0%           100%        2
 Wereblood                Tmut           0%           100%        2
 Dazzling Flash           Conj/Hex       0%           100%        3
 Ignite Poison            Fire/Tmut/Pois 0%           100%        3
 Lesser Beckoning         Tloc           0%           100%        3
 Mephitic Cloud           Conj/Pois/Air  0%           100%        3
 Spider Form              Tmut/Pois      0%           100%        3
 Static Discharge         Conj/Air       0%           100%        3
 Stone Arrow              Conj/Erth      0%           100%        3
 Tukima's Dance           Hex            0%           100%        3
 Airstrike                Air            0%           100%        4
 Fulminant Prism          Conj/Hex       0%           100%        4
 Ice Form                 Ice/Tmut       0%           100%        4
 Iskenderun's Mystic Bla  Conj/Tloc      0%           100%        4
 Olgreb's Toxic Radiance  Pois           0%           100%        4
 Passage of Golubria      Tloc           N/A          100%        4
 Petrify                  Tmut/Erth      0%           100%        4
 Alistair's Intoxication  Tmut/Pois      0%           100%        5
 Blade Hands              Tmut           0%           100%        5
 Lee's Rapid Deconstruct  Erth           0%           100%        5
 Lightning Bolt           Conj/Air       0%           100%        5
 Invisibility             Hex            0%           100%        6


Dungeon Overview and Level Annotations

Branches:
Dungeon (15/15)            Temple (1/1) D:6            Lair (6/6) D:8
 Shoals (4/4) Lair:4        Snake (4/4) Lair:3        Slime (0/5) Lair:6
    Orc (2/2) D:9             Elf (0/3) Orc:2        Vaults (3/5) D:14
 Depths (0/5) D:15
  Crypt: Vaults:2-3

Altars:
Ashenzari
Cheibriados
Dithmenos
Elyvilon
Fedhas
Gozag
Hepliaklqana
Kikubaaqudgha
Makhleb
Nemelex Xobeh
Okawaru
Qazlal
Ru
Sif Muna
Trog
Uskayaw
Vehumet
Wu Jian
Xom
Yredelemnul
Zin
The Shining One
Beogh
Jiyva

Shops:
D:9 (   D:12 ![}?   D:15 (   Orc:2 *[?[   Shoals:1 [!*!   Shoals:2 *
Shoals:3 *   Snake:4 *}

Annotations:
D:7 3 runed translucent doors, Darold's ghost, novice GrEE
Lair:1 exclusion: 2 oklob plants
Lair:4 exclusion: 2 oklob plants
Shoals:1 1 exclusion
Shoals:2 3 runed translucent doors, exclusion: 3 downstairs, arta456's ghost, journeyman DgCj
Shoals:4 Mara; Roxanne
Snake:2 2 transporters
Vaults:1 1 exclusion
Vaults:3 1 exclusion


Innate Abilities, Weirdness & Mutations

You are too large for most types of armour.
You have claws for hands.
Your natural rate of healing is unusually fast.
You are covered in fur. (AC +1)
You have extremely tough skin. (AC +3)
You are somewhat resistant to further mutation.
Your system is resistant to poisons. (rPois)
You are occasionally teleported next to monsters.


Message History

There is an open door, spattered with blood here.
Things that are here:
a +0 giant club; a +0 long sword; an ogre skeleton Blink to where?
Press: ? - help, Dir - move target
As you read the scroll of blinking, it crumbles to dust.
The Executioner is engulfed in freezing vapours.
The Executioner gestures at you. You resist with some effort.
The battlesphere moves out of view.
The Executioner gestures at you. You resist with some effort.
The Executioner gestures at you. You resist with some effort.
You hear a shout!
The Executioner hits you!!
* * * LOW HITPOINT WARNING * * *
Your resistance to electricity fades away.
You feel protected from physical attacks.
You block the Executioner's attack. x2; The Executioner hits you!
You die...

...#####3############
#........# #..[.....#
#........#
#........########
#........#......#
#......°○#..○...#
#=......[§.§☼...#
#......§○#1@....#
#........#.§....#
##########.☼....#
########


You could see an Executioner (fast).

Vanquished Creatures
  Nikola (Shoals:3)
  A bone dragon (Abyss:3)
  A tentacled monstrosity (Vaults:1)
  Frances (Shoals:2)
  A kraken (Shoals:1)
  Donald (Shoals:3)
  The ghost of Liforeniyw the Executioner, an adept MiBe of Trog (Snake:4)
  Ilsuiw (Shoals:2)
  An azure jelly (shapeshifter) (Vaults:1)
  Louise (Snake:1)
  12 nagarajas
  A vault warden (Vaults:2)
  Aizul (Snake:4)
  2 orc warlords
  The ghost of raph the Geomancer, a journeyman DEEE of Makhleb (Shoals:3)
  3 ironheart preservers
  A deep elf elementalist (Abyss:4)
  2 very ugly things (Vaults:2)
  A stone giant (Shoals:1)
  2 deep elf annihilators (Vaults:3)
  A minotaur (Shoals:3)
  A deep elf death mage (Vaults:3)
  2 merfolk javelineers
  3 merfolk impalers
  2 ogre magi
  4 yaktaur captains
  2 great orbs of eyes
  Josephine (D:13)
  13 hydras
  A vault guard (D:14)
  2 rakshasas (Vaults:1)
  3 boulder beetles
  11 naga warriors
  3 centaur warriors
  2 death knights
  2 catoblepae
  3 satyrs (Shoals:3)
  8 anacondas
  12 two-headed ogres
  2 deep troll shamans (Vaults:2)
  A tengu warrior (D:12)
  15 naga sharpshooters
  Nergalle (D:12)
  7 shock serpents
  A wretched star (Abyss:3)
  Sonja (D:11)
  A skeletal warrior (D:15)
  3 unseen horrors
  A flayed ghost (Vaults:2)
  14 sea snakes
  A glowing orange brain (Abyss:4)
  3 naga ritualists
  7 ironbrand convokers
  A lindwurm (Lair:5)
  6 deep trolls (Vaults:2)
  A necromancer (D:15)
  3 orc knights
  A phantasmal warrior (D:15)
  18 harpies
  6 deep elf magi
  A fire giant zombie (D:15)
  4 orc sorcerers (Orc:2)
  11 mana vipers
  4 salamanders
  21 cyclopes
  A stone giant zombie (D:15)
  23 ugly things
  13 manticores
  16 fauns
  A moth of wrath (shapeshifter) (Vaults:2)
  8 merfolk sirens
  7 guardian serpents
  15 black mambas
  Psyche (D:12)
  An apocalypse crab (Abyss:3)
  4 torpor snails
  18 naga magi
  2 water nymphs (Shoals:3)
  4 vault sentinels
  2 orange demons
  A smoke demon (Abyss:4)
  29 elephants
  A gargoyle (D:13)
  30 cane toads
  15 komodo dragons
  2 rime drakes (Lair:5)
  3 freezing wraiths
  4 efreet
  4 harpy zombies
  A guardian mummy (D:15)
  6 yaktaurs
  6 trolls
  A spriggan skeleton (D:15)
  3 meliai
  5 tyrant leeches (Lair:6)
  7 wind drakes
  21 merfolk
  2 polar bears
  25 blink frogs
  3 raiju
  8 large abominations
  2 hornets
  13 dream sheep
  26 slime creatures
  7 snapping turtles
  2 shadows (D:13)
  8 wraiths
  A water elemental (Shoals:3)
  4 hogs (D:11)
  6 wyverns
  2 basilisks
  A human (D:11)
  3 neqoxecs (Abyss:3)
  55 yaks
  A steam dragon (Lair:4)
  6 vampire mosquitoes
  5 wargs
  57 nagas
  A human zombie (D:15)
  A soldier ant (D:11)
  3 acid dragons
  13 water moccasins
  Duvessa (D:7)
  44 orc warriors
  3 black bears (D:8)
  6 sky beasts
  2 eyes of draining
  A manticore zombie (Shoals:4)
  An ogre (shapeshifter) (D:15)
  4 ice beasts
  A phantom (D:10)
  14 ogres
  3 necrophages
  18 centaurs
  5 wolves
  29 bullfrogs
  2 big kobolds
  Dowan (D:7)
  2 gnoll sergeants (D:9)
  A water moccasin zombie (D:7)
  6 small abominations
  11 scorpions
  13 wights
  4 howler monkeys
  An electric eel (Lair:4)
  3 bullfrog zombies
  4 jellies
  16 orc priests
  3 gnoll shamans
  13 hounds
  21 orc wizards
  2 bullfrog skeletons (D:9)
  8 iguanas
  4 centaur skeletons
  12 worker ants
  A killer bee zombie (D:9)
  A hound skeleton (D:11)
  A worker ant zombie (D:9)
  2 howler monkey skeletons
  2 howler monkey zombies
  17 gnolls
  14 adders
  3 shadow imps
  An ufetubus (D:5)
  An adder skeleton (D:4)
  3 worms
  3 dart slugs
  8 leopard geckos
  94 orcs
  12 bats
  A bat zombie (Shoals:4)
  5 giant cockroaches
  8 goblins
  11 hobgoblins
  13 jackals
  14 kobolds
  3 quokkas
  4 ball pythons
  4 frilled lizards
  A jackal skeleton (D:7)
  A jackal zombie (D:7)
  9 rats
  A butterfly (Lair:2)
  2 tentacles (Shoals:1)
1256 creatures vanquished.

Vanquished Creatures (others)
  A thrashing horror (Abyss:4)
  An elephant (Shoals:3)
  An orc (Orc:2)
  76 fungi
  199 plants
  13 tentacles (Shoals:1)
  4 withered plants
295 creatures vanquished.

Grand Total: 1551 creatures vanquished

Notes
Turn   | Place    | Note
-------+----------+-------------------------------------------
     0 | D:1      | nightchill the Troll Fighter began the quest for the Orb.
     0 | D:1      | Reached XP level 1. HP: 22/22 MP: 0/0
    72 | D:1      | Reached XP level 2. HP: 29/29 MP: 1/1
   347 | D:1      | Reached XP level 3. HP: 36/36 MP: 2/2
   976 | D:2      | Reached XP level 4. HP: 45/45 MP: 3/3
  1183 | D:2      | Found a hazy altar of Hepliaklqana.
  1183 | D:2      | Found a glowing golden altar of the Shining One.
  1185 | D:2      | Found a snail-covered altar of Cheibriados.
  1567 | D:3      | Reached XP level 5. HP: 53/53 MP: 4/4
  2462 | D:4      | Found a radiant altar of Vehumet.
  2545 | D:4      | Reached skill level 5 in Unarmed Combat
  2548 | D:4      | Reached XP level 6. HP: 55/62 MP: 5/5
  2616 | D:4      | Noticed an angel
  2624 | D:4      | Found a glowing silver altar of Zin.
  2624 | D:4      | Found a shimmering altar of Xom.
  2728 | D:4      | Found the +7 sceptre of Torment {pain, torment}
  3142 | D:4      | Reached XP level 7. HP: 62/70 MP: 6/6
  3387 | D:5      | Entered Level 5 of the Dungeon
  3618 | D:5      | Found an ancient bone altar of Kikubaaqudgha.
  3629 | D:5      | Reached skill level 1 in Maces & Flails
  4382 | D:6      | Found a staircase to the Ecumenical Temple.
  4443 | Temple   | Entered the Ecumenical Temple
  4737 | Temple   | Became a worshipper of Qazlal Stormbringer
  4831 | D:6      | Gained mutation: Your system is resistant to poisons.
                  | (rPois) [potion of mutation]
  4831 | D:6      | Gained mutation: You are somewhat resistant to further
                  | mutation. [potion of mutation]
  4837 | D:6      | Reached skill level 5 in Fighting
  4837 | D:6      | Reached XP level 8. HP: 52/80 MP: 7/7
  4840 | D:6      | Reached skill level 1 in Invocations
  5401 | D:6      | Found a radiant altar of Vehumet.
  6017 | D:7      | Reached skill level 5 in Maces & Flails
  6128 | D:7      | Found an opulent altar of Gozag.
  6350 | D:7      | Found a runed translucent gate.
  6350 | D:7      | Noticed Darold's ghost (novice GrEE)
  6353 | D:7      | Found a runed translucent gate.
  6358 | D:7      | Found a runed translucent gate.
  6432 | D:7      | Reached * piety under Qazlal
  6460 | D:7      | Reached XP level 9. HP: 85/89 MP: 10/10
  6491 | D:7      | Noticed Duvessa
  6492 | D:7      | Noticed Dowan
  6495 | D:7      | Killed Duvessa
  6512 | D:7      | Killed Dowan
  6872 | D:7      | Found a roughly hewn altar of Beogh.
  7076 | D:8      | Noticed a komodo dragon
  7089 | D:8      | Killed a komodo dragon
  7097 | D:8      | Identified the ring of Hiaralav {EV+4 Dex+3}
  7112 | D:8      | Reached ** piety under Qazlal
  7203 | D:8      | Found a staircase to the Lair.
  7217 | D:8      | Reached skill level 5 in Invocations
  7217 | D:8      | Reached XP level 10. HP: 87/100 MP: 12/12
  8269 | D:9      | Reached *** piety under Qazlal
  8655 | D:9      | Reached **** piety under Qazlal
  8823 | D:9      | You fall into a shaft and drop 3 floors!
  8832 | D:12     | Noticed Nergalle
  8844 | D:12     | Found Xatoig's Armour Shop.
  8852 | D:12     | Killed Nergalle
  8922 | D:12     | Found Oloffod's Distillery.
  8926 | D:12     | Noticed Psyche
  8934 | D:12     | Paralysed by Psyche for 5 turns
  8941 | D:12     | Paralysed by Psyche for 3 turns
  8946 | D:12     | Killed Psyche
  8947 | D:12     | Reached skill level 10 in Maces & Flails
  8983 | D:12     | Bought a potion of heal wounds for 55 gold pieces
  8983 | D:12     | Bought a potion of lignification for 33 gold pieces
  8983 | D:12     | Bought 2 potions of lignification for 66 gold pieces
  9084 | D:12     | Reached XP level 11. HP: 89/111 MP: 14/14
  9158 | D:11     | Reached ***** piety under Qazlal
  9186 | D:10     | Entered Level 10 of the Dungeon
  9365 | D:9      | Found Regg's Weapon Shop.
  9516 | D:9      | Found a staircase to the Orcish Mines.
 10245 | D:10     | Noticed a seven-headed hydra
 10249 | D:10     | Killed a seven-headed hydra
 10656 | D:11     | Noticed Sonja
 10683 | D:11     | Killed Sonja
 10907 | D:11     | You fall into a shaft and drop 2 floors!
 10910 | D:13     | Noticed a centaur warrior
 11120 | D:12     | Found Lelechut's Magic Scroll Shoppe.
 11247 | D:12     | Found Pejey's Gadget Emporium.
 11301 | D:12     | Noticed a tengu warrior
 11323 | D:12     | Killed a tengu warrior
 11537 | Lair:1   | Entered Level 1 of the Lair of Beasts
 11552 | Lair:1   | Noticed an oklob plant
 11573 | Lair:1   | Reached XP level 12. HP: 90/123 MP: 17/17
 12452 | Lair:2   | Noticed an eight-headed hydra
 12460 | Lair:2   | Killed an eight-headed hydra
 12701 | Lair:2   | Noticed an eight-headed hydra
 12706 | Lair:2   | Killed an eight-headed hydra
 13695 | Lair:3   | Reached skill level 10 in Fighting
 13702 | Lair:3   | Reached XP level 13. HP: 64/133 MP: 19/19
 14059 | Lair:3   | Found a staircase to the Snake Pit.
 15387 | Lair:4   | Reached skill level 10 in Invocations
 15763 | Lair:4   | Found a staircase to the Shoals.
 16905 | Lair:5   | Reached XP level 14. HP: 80/144 MP: 20/20
 17097 | Lair:5   | Reached skill level 15 in Maces & Flails
 17644 | Lair:6   | Entered Level 6 of the Lair of Beasts
 18103 | Orc:1    | Entered Level 1 of the Orcish Mines
 18427 | Orc:2    | Entered Level 2 of the Orcish Mines
 18599 | Orc:2    | Noticed an orc warlord
 18822 | Orc:1    | Killed an orc warlord
 19003 | D:12     | Bought +2 storm dragon scales for 1472 gold pieces
 19541 | Orc:2    | Found a staircase to the Elven Halls.
 19571 | Orc:1    | Found a roughly hewn altar of Beogh.
 19791 | Orc:2    | Noticed an orc warlord
 19821 | Orc:2    | Killed an orc warlord
 20255 | Orc:2    | Found Veywiras's Magic Scroll Emporium.
 20255 | Orc:2    | Found Bonweloa's Antique Armour Boutique.
 20257 | Orc:2    | Found Newoujex's General Store.
 20259 | Orc:2    | Found Pelyso's Antique Armour Shoppe.
 20266 | Orc:2    | Bought 3 large rocks for 27 gold pieces
 20521 | D:12     | Bought a scroll of blinking for 75 gold pieces
 20521 | D:12     | Bought a scroll of blinking for 75 gold pieces
 20521 | D:12     | Bought a scroll of teleportation for 30 gold pieces
 20521 | D:12     | Bought a scroll of teleportation for 30 gold pieces
 20646 | Orc:2    | Bought a scroll of teleportation for 48 gold pieces
 20658 | Orc:2    | Identified a scroll of acquirement
 20658 | Orc:2    | Acquired an uncursed ring of see invisible
 21064 | Lair:5   | Reached skill level 1 in Armour
 21390 | Lair:6   | Reached ****** piety under Qazlal
 21481 | Lair:6   | Reached XP level 15. HP: 152/156 MP: 22/22
 21926 | Lair:6   | Found a viscous altar of Jiyva.
 21926 | Lair:6   | Found a staircase to the Slime Pits.
 22263 | Lair:6   | Identified the +6 executioner's axe of Imbalance {vorpal,
                  | rElec rPois rF-} (You found it on level 6 of the Lair of
                  | Beasts)
 23405 | D:13     | Noticed Josephine
 23413 | D:13     | Killed Josephine
 23639 | D:12     | Bought a condenser vane for 520 gold pieces
 23800 | D:14     | Reached skill level 5 in Armour
 24036 | D:14     | Found a gate to the Vaults.
 24678 | D:14     | Found a sparkling altar of Nemelex Xobeh.
 24948 | D:15     | Entered Level 15 of the Dungeon
 25155 | D:15     | Found a staircase to the Depths.
 25310 | D:15     | Found Magapa's Antique Weapon Shop.
 26095 | Snake:1  | Entered Level 1 of the Snake Pit
 26151 | Snake:1  | Noticed Louise
 26178 | Snake:1  | Killed Louise
 26184 | Snake:1  | Reached XP level 16. HP: 115/165 MP: 19/24
 26564 | Snake:1  | Identified the +3 chain mail of the Eternal Fruit {rC+
                  | SInv}
 26614 | Snake:1  | Reached skill level 5 in Shields
 26890 | Snake:2  | Found a transporter.
 27073 | Snake:2  | Found a transporter.
 28705 | Snake:4  | Entered Level 4 of the Snake Pit
 28705 | Snake:4  | Noticed Aizul
 28724 | Snake:4  | Killed Aizul
 29112 | Snake:4  | Reached XP level 17. HP: 115/175 MP: 13/26
 29949 | Snake:4  | Found a runed translucent door.
 30055 | Snake:4  | Found Gosics's Gadget Emporium.
 30060 | Snake:4  | Found Etah's General Store.
 30318 | Snake:4  | Noticed Liforeniyw's ghost (adept MiBe)
 30352 | Snake:4  | Killed Liforeniyw's ghost
 30553 | Snake:4  | Got a serpentine rune of Zot
 30742 | Shoals:1 | Entered Level 1 of the Shoals
 30950 | Shoals:1 | Reached skill level 10 in Armour
 30950 | Shoals:1 | Reached skill level 15 in Invocations
 31041 | Shoals:1 | Noticed a kraken
 31138 | Shoals:1 | Killed a kraken
 31282 | Shoals:1 | Found Xeloq's Assorted Antiques.
 31286 | Shoals:1 | Found Jien's Distillery.
 31291 | Shoals:1 | Bought 2 potions of heal wounds for 260 gold pieces
 31310 | Shoals:1 | Found Xitoshro's Armour Shop.
 31317 | Shoals:1 | Bought a potion of heal wounds for 65 gold pieces
 31472 | Shoals:1 | Found Geicho Feci's Distillery.
 31480 | Shoals:1 | Bought a potion of heal wounds for 75 gold pieces
 31813 | Shoals:2 | Found Gesui's Assorted Antiques.
 31831 | Shoals:2 | Bought 2 cyan potions for 54 gold pieces
 31951 | Shoals:2 | Noticed Frances
 31960 | Shoals:2 | Killed Frances
 31982 | Shoals:2 | Noticed Ilsuiw
 32025 | Shoals:2 | Killed Ilsuiw
 32092 | Shoals:2 | Found a runed translucent gate.
 32092 | Shoals:2 | Found a runed translucent gate.
 32092 | Shoals:2 | Found a runed translucent gate.
 32092 | Shoals:2 | Noticed arta456's ghost (journeyman DgCj)
 32472 | Shoals:3 | Reached XP level 18. HP: 180/187 MP: 12/28
 32504 | Shoals:3 | Identified the +6 morningstar of Cacyuq {antimagic, rPois
                  | rF+} (You found it on level 3 of the Shoals)
 32558 | Shoals:3 | Noticed Donald
 32959 | Shoals:3 | Noticed Nikola
 33000 | Shoals:3 | Killed Nikola
 33049 | Shoals:3 | Found Wymufuh's General Store.
 33517 | Shoals:3 | Killed Donald
 33842 | Shoals:3 | Found a hide-covered altar of Uskayaw.
 33889 | Shoals:3 | Found a runed translucent door.
 33889 | Shoals:3 | Noticed raph's ghost (journeyman DEEE)
 33926 | Shoals:3 | Killed raph's ghost
 34377 | Shoals:4 | Entered Level 4 of the Shoals
 34377 | Shoals:4 | Identified Roxanne's Handbook of Moulding
 34377 | Shoals:4 | Noticed Roxanne
 34551 | Shoals:4 | Noticed Mara
 34625 | Shoals:4 | Noticed nightchill's illusion
 34896 | Vaults:1 | Entered Level 1 of the Vaults
 35737 | Vaults:1 | Noticed a tentacled monstrosity
 35760 | Vaults:1 | Killed a tentacled monstrosity
 36201 | Vaults:1 | Identified the cursed +1 hunting sling of Osueruon {flame,
                  | Stlth+} (You found it on level 1 of the Vaults)
 36971 | Vaults:2 | Reached XP level 19. HP: 179/197 MP: 22/30
 37884 | Vaults:3 | Cast into level 3 of the Abyss (a deep elf sorcerer)
 37897 | Abyss:3  | Noticed a bone dragon
 37921 | Abyss:3  | Killed a bone dragon
 37938 | Abyss:3  | Found a corrupted altar of Lugonu.
 37975 | Abyss:3  | Gained mutation: You are occasionally teleported next to
                  | monsters. [a neqoxec]
 38028 | Abyss:3  | Lost intelligence.
 38184 | Vaults:3 | Escaped the Abyss
 38187 | Vaults:3 | HP: 8/197 [Executioner (19)]
 38187 | Vaults:3 | Slain by an Executioner

Illustrated notes

Levels and vault maps discovered:
D:1:      heliophobic_arrival_enchanted_forest, layout_basic
D:2:      layout_basic, minitemple, trog_book
D:3:      layout_basic, kennysheep_cluttered_room
D:4:      layout_cave_pods, grunt_temple_overflow_order_and_chaos_1,
          vehumet_altar_wand_db
D:5:      layout_loops_corners, kiku_gazebo_garden_becter, hex_tiny
D:6:      layout_layer_cave, general_overflow_altar,
          minmay_temple_entry_junction
D:7:      layout_gridville, old_standard_altar, biasface_ghost_orc_armoury,
          uniq_duvessa
D:8:      layout_loops_ring, due_lair_maze_entry_diamond, st_stairs_6
D:9:      layout_cave_pools, erik_orc_3, serial_gnoll_camp,
          gnoll_camp_mini_house, gnoll_camp_mini_shop, gnoll_camp_mini_basic,
          gnoll_camp_medium_02, minmay_fractal_squares_diagonal_5
D:10:     layout_roguey
D:11:     layout_rooms, grunt_livestock, uniq_sonja
D:12:     layout_loops_ring, serial_shops, nicolae_shop_statue_plus, shop, shop,
          kennysheep_mini, uniq_psyche, uniq_nergalle
D:13:     layout_basic, uniq_josephine
D:14:     layout_layer_cave, david_vaults_5, nemelex_xobeh_ov_fountains_minmay
D:15:     gammafunk_depths_entry_grave, layout_small_grid, serial_shops, shop,
          chequers_avenue
Temple:   dpeg_chambers_temple
Lair:1:   beast_lair_carwin_large_2, layout_hall_layers, lemuel_fruit_tree,
          minmay_lair_oklob_chamber
Lair:2:   layout_cave_pods, grunt_megastairs_2, lemuel_fruit_fields
Lair:3:   layout_regular_city, minmay_snake_entry_guardpost_small,
          grunt_megastairs_5
Lair:4:   layout_hall_layers, minmay_shoals_entry_beasts, st_stairs_10,
          serial_bayou_ford_a, dpeg_oklob_1
Lair:5:   layout_cave_pods
Lair:6:   minmay_lair_end_frog_pond, layout_gridlike,
          dpeg_slime_entry_enclosed_altar
Shoals:1: layout_shoals, serial_shops, shop, nicolae_shop_statue_plus,
          nicolae_shop_trees, nicolae_shop_behind_doors, st_cyclops
Shoals:2: layout_shoals, serial_shops, shop_fountains,
          gammafunk_ghost_necromancy, uniq_ilsuiw, uniq_frances
Shoals:3: layout_shoals, serial_shops, nicolae_shop_window_shopping,
          ebering_ghost_inner_flame, nicolae_shoals_stone_sculpture_thing,
          regret_index_shoals_crete, uniq_donald, uniq_nikola
Shoals:4: shoals_end_simple, layout_shoals, nicolae_shoals_undead_eyrie,
          uniq_roxanne, uniq_mara
Snake:1:  layout_rooms, uniq_louise
Snake:2:  gammafunk_the_bubble [the_bubble_gammafunk_grid],
          layout_misc_corridors, nicolae_snake_linked_coils
Snake:3:  layout_honeycomb
Snake:4:  grunt_snake_rune_pools, layout_cave_town, gammafunk_ghost_grave,
          minmay_shoptagon, uniq_aizul
Orc:1:    layout_diamond_mine, basic_altar
Orc:2:    st_orc_rangers, layout_caves, guppyfry_library_mini
Vaults:1: nicolae_vaults_sealed_display, nicolae_vaults_little_squares_3,
          hangedman_vaults_cutoff, nicolae_vaults_little_squares_5,
          grunt_vaults_diagonal, vaults_dpeg_cross, v_misc_25,
          nicolae_vaults_rhombus_5, nicolae_vaults_angled_halls, st_more_cells,
          vaults_room_corners, vaults_room_fancy_cross, layout_vaults_omnicross
Vaults:2: hangedman_vaults_river_flow, hangedman_vaults_capsules, v_rooms_6,
          v_misc_33, vaults_dpeg_doors, vaults_dpeg_encased_lava, v_misc_17,
          vaults_mumra_hex, vaults_standard_mumra_x, layout_vaults_chaotic_city
Vaults:3: v_alt_pattern_2, minmay_crypt_entry_skeletal_spiral, st_octagons_2,
          v_misc_19, v_pattern_3, v_misc_3, vaults_dpeg_hooks,
          layout_vaults_quadrants, uniq_xtahua, uniq_bai_suzhen

Skill      XL: |  1  2  3  4  5  6  7  8  9 10 11 12 13 14 15 16 17 18 19 |
---------------+----------------------------------------------------------+-----
Unarmed Combat | 3 4 5 6 |  6.5
Fighting       | 3 4 5 6 7 9 10 11 12 13 14 | 14.2
Maces & Flails | 3 6 8 10 11 13 14 16 | 16.0
Invocations    | 3 5 6 8 9 10 11 13 14 15 16 | 16.8
Armour         | 2 6 8 10 12 | 12.5
Shields        | 4 6 7 8 9 |  9.2
Dodging        | |  2.4

Action                   |  1- 3 |  4- 6 |  7- 9 | 10-12 | 13-15 | 16-18 | 19-21 || total
-------------------------+-------+-------+-------+-------+-------+-------+-------++-------
Melee: Unarmed           |   104 |   182 |     7 |     1 |       |       |       ||   294
       Eveningstar       |       |       |   195 |   528 |   920 |  1166 |   107 ||  2916
       Morningstar       |       |       |       |       |       |    43 |   123 ||   166
Throw: Dart              |       |       |     1 |     1 |     3 |     1 |       ||     6
       Throwing net      |       |       |       |     2 |       |       |       ||     2
       Large rock        |       |       |       |       |     1 |       |       ||     1
Invok: Upheaval          |       |       |     1 |    11 |    13 |    32 |     1 ||    58
       Disaster Area     |       |       |       |       |     3 |     6 |       ||     9
Evoke: Wand              |       |       |       |       |       |     1 |       ||     1
  Use: Potion            |       |       |     4 |       |     4 |     5 |     5 ||    18
       Scroll            |       |       |     7 |    10 |    13 |    13 |     3 ||    46
 Stab: Invisible         |       |       |       |       |       |     7 |       ||     7
Armor: Robe              |    37 |    54 |    60 |   115 |    67 |       |       ||   333
       Skin              |       |       |     6 |     5 |       |       |       ||    11
       Storm dragon scal |       |       |       |       |   199 |   470 |    98 ||   767
Dodge: Dodged            |    41 |    46 |    68 |   151 |   289 |   247 |    40 ||   882
       Repelled          |       |       |       |     1 |     9 |    23 |     1 ||    34
Block: Kite shield       |    46 |    67 |   116 |   414 |   834 |    10 |       ||  1487
       Other             |       |       |       |     3 |       |       |       ||     3
       Tower shield      |       |       |       |       |       |  1468 |   270 ||  1738
